 Dungeon Crawl Stone Soup version 0.13-a0-2484-gc765b08 (webtiles) character file.

219 Rycklaryybbe the Cutter (level 5, -4/33 HPs)
             Began as a Kobold Berserker on July 20, 2013.
             Was a Believer of Trog.
             Slain by a gnoll
             ... wielding a +0,+0 spear
              (9 damage)
             ... on Level 3 of the Dungeon.
             The game lasted 00:05:22 (1857 turns).

Rycklaryybbe the Cutter (Kobold Berserker)          Turns: 1857, Time: 00:05:22

HP  -4/33        AC  4     Str 16      XL: 5   Next:  6%
MP   4/4         EV 15     Int  5      God: Trog [**....]
Gold 117         SH  0     Dex 16      Spells:  0 memorised,  4 levels left

Res.Fire  : . . .   See Invis. : .   i - +0 elf short sword
Res.Cold  : . . .   Warding    : .   b - +0 animal skin
Life Prot.: . . .   Conserve   : .   (no shield)
Res.Poison: .       Res.Corr.  : .   o - +2 wizard hat
Res.Elec. : .       Clarity    : .   (no cloak)
Sust.Abil.: . .     Spirit.Shd : .   (no gloves)
Res.Mut.  : .       Stasis     : .   (no boots)
Res.Rott. : .       Flight     : .   (no amulet)
Saprovore : + + .                    (no ring)
                                     k - ring of invisibility

@: regenerating, quite resistant to hostile enchantments, quite stealthy
A: disease resistance, carnivore 3, saprovore 2
a: Burn Spellbooks, Berserk, Trog's Hand, Renounce Religion, Evoke Invisibility


You were on level 3 of the Dungeon.
You worshipped Trog.
Trog was greatly pleased with you.
You were hungry.

You visited 1 branch of the dungeon, and saw 3 of its levels.

You collected 97 gold pieces.

Inventory:

Hand weapons
 a - a +0,+0 short sword
 i - a +0,+0 elven short sword (weapon)
Missiles
 j - 2 darts of frost (quivered)
Armour
 b - a +0 animal skin (worn)
 o - a +2 wizard hat (worn)
Comestibles
 c - a meat ration
Scrolls
 d - 3 scrolls of enchant armour {unknown}
 e - 3 scrolls of curse jewellery {unknown}
 f - a scroll of identify {unknown}
 h - a scroll of magic mapping {unknown}
 m - 2 scrolls of blinking {unknown}
 n - 3 scrolls of remove curse {unknown}
 p - a scroll of noise {unknown}
 r - a scroll of teleportation {unknown}
Jewellery
 k - a ring of invisibility (left hand)
Potions
 g - a potion of heal wounds {unknown}


   Skills:
 - Level 3.2 Fighting
 - Level 5.7 Short Blades
 - Level 1.5 Armour
 - Level 2.4 Dodging
 + Level 4.2 Stealth


You had 4 spell levels left.
You didn't know any spells.

Dungeon Overview and Level Annotations

Branches:
Dungeon (3/27)

Altars:
Vehumet


Innate Abilities, Weirdness & Mutations

You recuperate from illness quickly.
You are small and have problems with some larger weapons.
You are carnivorous and can eat meat at any time.
You can eat rotten meat.


Message History

The orc wizard gestures at you while chanting.
The magic dart hits you!
* * * LOW HITPOINT WARNING * * *
The orc closely misses you. The orc hits you but does no damage.
Drink which item? (? for menu, Esc to quit)
You feel better.
It was a potion of curing.
The orc wizard hits you but does no damage.
The orc wizard points at you and mumbles some strange words.
The magic dart hits you!
* * * LOW HITPOINT WARNING * * *
The orc misses you.
The gnoll hits you from afar with a spear.
* * * LOW HITPOINT WARNING * * *
The orc completely misses you.
Drink which item? (? for menu, Esc to quit)
This tastes like blood.
It was a potion of blood.
You are feeling hungry.
The orc wizard closely misses you. The orc misses you.
The gnoll hits you from afar with a spear!
You die...

### ...# ### ... #..
#.. #.# #.. #.# #..
#.# #######
#.#.o##.########......
#..go@....(.)...<####.
#.#go##.#######.......
#.g #.# #.#####. #..
#.# #.. #.. #.. ...#
... ### ....≈ ###.
....≈≈ .. .....≈P #
###..≈≈≈


You could see an orc wizard, 2 gnolls, 2 orcs and a goblin.

Vanquished Creatures
  Ijyb (D:2)
  2 adders
  An inept feature mimic (D:2)
  A worm (D:3)
  A giant gecko (D:1)
  2 oozes (D:2)
  An orc (D:3)
  A giant cockroach (D:2)
  4 goblins
  5 hobgoblins
  3 jackals (D:1)
  2 quokkas (D:2)
  A ball python (D:3)
  12 bats
  A giant newt (D:1)
  10 kobolds
  5 rats (D:1)
53 creatures vanquished.

Notes
Turn   | Place    | Note
--------------------------------------------------------------
     0 | D:1      | Rycklaryybbe, the Kobold Berserker, began the quest for the Orb.
     0 | D:1      | Reached XP level 1. HP: 14/14 MP: 0/0
   263 | D:1      | Reached XP level 2. HP: 16/19 MP: 1/1
   432 | D:1      | Reached skill level 5 in Short Blades
   456 | D:1      | Acquired Trog's second power
   511 | D:1      | Reached XP level 3. HP: 18/24 MP: 2/2
  1003 | D:2      | Found a radiant altar of Vehumet.
  1033 | D:2      | Reached skill level 1 in Stealth
  1044 | D:2      | Reached XP level 4. HP: 25/28 MP: 3/3
  1087 | D:2      | Noticed Ijyb
  1111 | D:2      | Killed Ijyb
  1658 | D:3      | Reached XP level 5. HP: 21/33 MP: 4/4
  1857 | D:3      | Slain by a gnoll

Action                   |  1- 3 |  4- 6 || total
-------------------------+-------+-------++-------
Melee: Short sword       |   149 |    87 ||   236
Throw: Dart              |       |     5 ||     5
Invok: Berserk           |       |     1 ||     1
       Trog's Hand       |       |     1 ||     1
  Use: Potion            |       |     2 ||     2
 Stab: Sleeping          |     1 |     2 ||     3
